 Dungeon Crawl Stone Soup version 0.32-a0-290-g598725c5f2 (webtiles) character file.

Game seed: 48274169349950913

6528 CougarLife the Geomancer (level 11, -10/54 HPs)
             Began as a Gargoyle Earth Elementalist on Feb 14, 2024.
             Was a Believer of Vehumet.
             Mangled by Snorg (17 damage)
             ... on level 10 of the Dungeon.
             The game lasted 00:10:29 (10400 turns).

CougarLife the Geomancer (GrEE)                    Turns: 10400, Time: 00:10:29

Health: -10/54     AC: 18    Str: 12    XL:     11   Next: 1%
Magic:  22/22      EV: 13    Int: 20    God:    Vehumet [**....]
Gold:   625        SH:  0    Dex: 10    Spells: 21/25 levels left

rFire   . . .        K - staff of conjuration
rCold   . . .        (no shield)
rNeg    + . .        D - +0 steam dragon scales
rPois   ∞            (no helmet)
rElec   +            o - +1 cloak
rCorr   +            q - +0 pair of gloves
SInv    .            p - +0 pair of boots
Will    .....        e - amulet of the acrobat
Stlth   +++          J - ring of resist corrosion
HPRegen 0.29/turn    (no ring)
MPRegen 0.18/turn

%: acrobat
@: no status effects
A: sickness immunity, AC +8, negative energy resistance 1, electricity
resistance, torment resistance 1, petrification resistance
a: Renounce Religion


You were on level 10 of the Dungeon.
You worshipped Vehumet.
Vehumet was pleased with you.
You visited 2 branches of the dungeon, and saw 11 of its levels.

You collected 625 gold pieces.

Inventory:

Armour
 o - a +1 cloak (worn)
 p - a +0 pair of boots (worn)
 q - a +0 pair of gloves (worn)
 D - +0 steam dragon scales (worn)
Magical Staves
 K - a staff of conjuration (weapon)
Jewellery
 e - an amulet of the acrobat (around neck)
 J - a ring of resist corrosion (left hand)
 L - a ring of fire
Wands
 a - a wand of digging (8)
 y - a wand of light (8)
 C - a wand of mindburst (12)
 H - a wand of iceblast (14)
 I - a wand of flame (3)
Scrolls
 d - a scroll of enchant armour {unknown}
 f - 3 scrolls of poison {unknown}
 g - 3 scrolls of noise {unknown}
 h - a scroll of immolation {unknown}
 m - a scroll of enchant weapon {unknown}
 s - 2 scrolls of blinking {unknown}
 t - 2 scrolls of vulnerability {unknown}
 u - 2 scrolls of amnesia {unknown}
 v - a scroll of revelation {unknown}
 w - 2 scrolls of teleportation
 x - a scroll of fear {unknown}
 B - 4 scrolls of identify {unknown}
Potions
 c - 2 potions of brilliance {unknown}
 i - 2 potions of attraction {unknown}
 j - 3 potions of might {unknown}
 k - 3 potions of enlightenment {unknown}
 l - 3 potions of resistance {unknown}
 n - 3 potions of haste {unknown}
 r - a potion of lignification {unknown}
 z - a potion of ambrosia {unknown}
 A - a potion of cancellation {unknown}
 E - 2 potions of heal wounds {unknown}
 G - a potion of degeneration {unknown}


   Skills:
 * Level 3.6 Armour
 - Level 5.0 Dodging
 - Level 5.0 Stealth
 + Level 7.9 Spellcasting
 + Level 9.2 Conjurations
 + Level 10.6 Earth Magic


You had 21 spell levels left.
You knew the following spells:

 Your Spells              Type           Power      Damage    Failure   Level
a - Sandblast             Erth           100%       2d20      1%          1
b - Stone Arrow           Conj/Erth      100%       3d13      1%          3

Your spell library contained the following spells:

 Spells                   Type           Power      Damage    Failure   Level
 Scorch                   Fire           14%        2d5       13%         2
 Kiss of Death            Conj/Necr      100%       2d13      1%          1
 Passwall                 Erth           50%        N/A       1%          3
 Brom's Barrelling Bould  Conj/Erth      64%        2d8       1%          4
 Petrify                  Alch/Erth      29%        N/A       10%         4
 Confusing Touch          Hex            7%         N/A       26%         3
 Dispel Undead            Necr           7%         3d8       65%         4


Dungeon Overview and Level Annotations

Branches:
Dungeon (10/15)            Temple (1/1) D:7            Lair (0/5) D:8
    Orc: D:9-12

Altars:
Ashenzari
Cheibriados
Dithmenos
Elyvilon
Fedhas
Gozag
Hepliaklqana
Kikubaaqudgha
Makhleb
Nemelex Xobeh
Okawaru
Qazlal
Ru
Sif Muna
Trog
Uskayaw
Vehumet
Wu Jian
Xom
Yredelemnul
Zin
The Shining One

Annotations:
D:10 Snorg


Innate Abilities, Weirdness & Mutations

You are immune to sickness and miasma.
Your stone body is resilient. (AC +8)
You are immune to poison.
You resist negative energy. (rN+)
You are resistant to electric shocks. (rElec)
You are resistant to unholy torment.
You are immune to petrification.


Message History

Aiming: Stone Arrow (safe; 1% risk of failure)
Press: ? - help, Shift-Dir - straight line, f/p - Snorg
Aim: Snorg (severely wounded, berserk, 78% to hit)
You feel a surge of power!
The stone arrow hits Snorg!!
Snorg is almost dead.
Casting: Stone Arrow (safe; 1% risk of failure)
Confirm with . or Enter, or press ? or * to list all spells.
Aiming: Stone Arrow (safe; 1% risk of failure)
Press: ? - help, Shift-Dir - straight line, f/p - Snorg
Aim: Snorg (almost dead, berserk, 78% to hit)
You feel a surge of power!
The stone arrow misses Snorg.
Snorg bites you! Snorg claws you but does no damage. Snorg claws you!
* * * LOW HITPOINT WARNING * * *
Throw: throwing net
Press: ? - help, Q - select action, (/) - cycle Shift-Dir - straight line, f/p - Snorg
Aim: Snorg (almost dead, berserk, 50% to hit)
You throw a throwing net. The throwing net hits Snorg.
Snorg is caught in the net!
Snorg is almost dead.
Snorg struggles against the net.
Snorg struggles against the net. x2
Casting: Stone Arrow (safe; 1% risk of failure)
Confirm with . or Enter, or press ? or * to list all spells.
Aiming: Stone Arrow (safe; 1% risk of failure)
Press: ? - help, Shift-Dir - straight line, f/p - Snorg
Aim: Snorg (almost dead, berserk, entangled in a net, 100% to hit)
You feel a surge of power!
The stone arrow hits Snorg!!
Snorg is almost dead.
Snorg struggles against the net.
The net rips apart, and Snorg comes free!
Casting: Stone Arrow (safe; 1% risk of failure)
Confirm with . or Enter, or press ? or * to list all spells.
Aiming: Stone Arrow (safe; 1% risk of failure)
Press: ? - help, Shift-Dir - straight line, f/p - Snorg
Aim: Snorg (almost dead, berserk, 78% to hit)
You feel a surge of power!
The stone arrow misses Snorg.
Snorg bites you!
* * * LOW HITPOINT WARNING * * *
Snorg closely misses you. Snorg claws you but does no damage.
Magic courses through your body. Snorg bites you!
You die...

.#..)......##.#
#.#.......###.#.### ..##
###.#.#.#####.#.#.. ....
...##.#.......#.#.##....
#####.#########.......
#...# #.. ..#..). . #...#
#.# #.#..# ... #...#
#.###.#..##...# #...#
#.#...@T[..$.(#
####...####.#.#....#......
..........#.#.#.##.#.##.(.
..........<............ .
..........#.#.#.#.#####
####...###........# #...#
##.#.#.#.# #...#
#.......># #...#
##.#.#.#.#


You could see Snorg (berserk).

Vanquished Creatures
  Gastronok (D:10)
  Maurice (D:10)
  Joseph (D:10)
  Psyche (D:8)
  A hornet (D:8)
  Grinder (D:6)
  2 shadows (D:10)
  A wyvern (D:10)
  A vampire (D:10)
  3 steam dragons
  Menkaure (D:7)
  2 orc warriors
  2 sky beasts (D:6)
  2 black bears
  A centaur (D:9)
  A phantom (D:6)
  2 kobold brigands
  A bullfrog (D:9)
  2 gnoll sergeants
  3 scorpions
  5 wights (D:7)
  6 killer bees (D:9)
  5 howler monkeys (D:9)
  2 bombardier beetles (D:5)
  3 jellies
  3 hounds
  3 orc priests
  2 gnoll boudas
  8 orc wizards
  4 iguanas
  16 gnolls
  5 adders
  A white imp (D:6)
  4 dart slugs
  21 orcs
  7 ball pythons
  2 bats
  8 endoplasms
  4 giant cockroaches
  12 goblins
  8 hobgoblins
  3 jackals (D:1)
  4 quokkas
  2 frilled lizards
  12 kobolds
  7 rats
187 creatures vanquished.

Notes
Turn   | Place    | Note
-------+----------+-------------------------------------------
     0 | D:1      | CougarLife the Gargoyle Earth Elementalist began the quest
                  | for the Orb.
     0 | D:1      | Reached XP level 1. HP: 10/10 MP: 3/3
   342 | D:1      | Reached XP level 2. HP: 15/15 MP: 3/5
   506 | D:1      | Reached XP level 3. HP: 19/19 MP: 2/6
   509 | D:1      | Reached skill level 4 in Earth Magic
  1334 | D:2      | Reached XP level 4. HP: 24/24 MP: 5/7
  1747 | D:2      | Learned a level 3 spell: Stone Arrow
  2125 | D:3      | You fall into a shaft and drop 3 floors!
  2146 | D:6      | Noticed a scorpion
  2149 | D:5      | Entered Level 5 of the Dungeon
  2183 | D:5      | Reached XP level 5. HP: 28/28 MP: 3/9
  2448 | D:4      | Found a sparkling altar of Nemelex Xobeh.
  2800 | D:3      | Identified the +5 whip "Futuocoga" {venom, rN++ Will+}
  2806 | D:3      | Found a faded altar of an unknown god.
  3164 | D:3      | Reached XP level 6. HP: 26/32 MP: 3/10
  3799 | D:4      | Reached skill level 5 in Earth Magic
  4048 | D:4      | Reached XP level 7. HP: 36/36 MP: 7/12
  5235 | D:6      | Reached skill level 5 in Stealth
  5270 | D:6      | Reached skill level 6 in Earth Magic
  5270 | D:6      | Reached XP level 8. HP: 37/41 MP: 8/14
  5460 | D:6      | Found a glowing silver altar of Zin.
  5514 | D:6      | Noticed Grinder
  5523 | D:6      | Killed Grinder
  5524 | D:6      | Reached skill level 5 in Conjurations
  6137 | D:7      | Noticed Menkaure
  6140 | D:7      | Killed Menkaure
  6141 | D:7      | Reached skill level 5 in Spellcasting
  6141 | D:7      | Reached skill level 7 in Earth Magic
  6180 | D:7      | Found a staircase to the Ecumenical Temple.
  6280 | Temple   | Entered the Ecumenical Temple
  6292 | Temple   | Became a worshipper of Vehumet
  6751 | D:7      | Reached XP level 9. HP: 45/45 MP: 13/17
  6982 | D:7      | Reached skill level 8 in Earth Magic
  7258 | D:8      | Noticed Psyche
  7260 | D:8      | Reached * piety under Vehumet
  7260 | D:8      | Offered knowledge of Freeze by Vehumet.
  7518 | D:8      | Noticed a hornet
  7524 | D:8      | Killed a hornet
  7633 | D:8      | Found a shadowy altar of Dithmenos.
  7688 | D:8      | Killed Psyche
  7974 | D:8      | Found a staircase to the Lair.
  7992 | D:8      | Reached skill level 9 in Earth Magic
  8278 | D:9      | Reached ** piety under Vehumet
  8280 | D:9      | Offered knowledge of Searing Ray by Vehumet.
  8609 | D:9      | Found a white marble altar of Elyvilon.
  8627 | D:9      | Noticed a cyclops
  8627 | D:9      | Noticed a boulder beetle
  8627 | D:9      | Noticed a tarantella
  8627 | D:9      | Noticed a cyclops
  8639 | D:9      | Reached XP level 10. HP: 50/50 MP: 16/20
  8660 | D:9      | Noticed a boulder beetle
  8660 | D:9      | Noticed a manticore
  8660 | D:9      | Noticed a boulder beetle
  8750 | D:9      | Noticed a skeletal warrior
  8760 | D:9      | Noticed a swamp dragon
  8887 | D:9      | Noticed a moth of wrath
  8975 | D:9      | Found a basalt altar of Yredelemnul.
  8977 | D:9      | Noticed a profane servitor
  8993 | D:9      | Found a glowing golden altar of the Shining One.
  9198 | D:9      | Noticed an angel
  9245 | D:10     | Entered Level 10 of the Dungeon
  9294 | D:10     | Noticed Joseph
  9298 | D:10     | Killed Joseph
  9448 | D:10     | Reached skill level 10 in Earth Magic
  9459 | D:10     | HP: 1/50 [something (4)]
  9754 | D:10     | Noticed Maurice
  9758 | D:10     | Maurice stole a ring of fire
  9760 | D:10     | Killed Maurice
  9761 | D:10     | Reached skill level 5 in Dodging
  9970 | D:10     | Noticed Gastronok
  9971 | D:10     | Reached skill level 1 in Armour
  9972 | D:10     | Noticed Snorg
 10136 | D:10     | Offered knowledge of Scorch by Vehumet.
 10235 | D:10     | Killed Gastronok
 10236 | D:10     | Reached XP level 11. HP: 14/54 MP: 15/22
 10400 | D:10     | Mangled by Snorg

Illustrated notes

Levels and vault maps discovered:
D:1:      minmay_arrival_checkered_box, layout_loops_ring
D:2:      layout_basic
D:3:      layout_basic, serial_rivers, chequers_serial_rivers_micro_b,
          chequers_serial_rivers_micro_d, chequers_serial_rivers_micro_c,
          chequers_serial_rivers_marsh, chequers_serial_rivers_micro_d,
          hellmonk_ecumenical_altar_heavens_door, grunt_ministairs_1
D:4:      minmay_bubble_buster, layout_basic, mainiacjoe_overflow_catwalk
D:5:      layout_basic
D:6:      layout_loops_corners, zin_treasury, uniq_grinder
D:7:      layout_loops_ring, temple_green, minmay_misc_feat_rows, uniq_menkaure
D:8:      layout_basic, nicolae_dithmenos_shadow_blocks, lair_entry_dummy,
          uniq_psyche
D:9:      layout_long_grid, elyvilon_altar_4, grunt_temple_overflow_holy_war,
          minivault_12
D:10:     layout_loops_cross, serial_shops, nicolae_shop_stone, st_stairs_8,
          uniq_joseph, uniq_snorg, uniq_maurice, uniq_gastronok
Temple:   nicolae_temple_slightly_damp_pantheon

Skill      XL: |  1  2  3  4  5  6  7  8  9 10 |
---------------+-------------------------------+-----
Earth Magic    | 4 5 6 7 9 10 | 10.6
Dodging        | 2 3 5 |  5.0
Conjurations   | 2 3 4 6 8 9 |  9.2
Stealth        | 3 4 5 |  5.0
Spellcasting   | 3 4 5 7 |  7.9
Armour         | 3 |  3.6

Action                     |  1- 3 |  4- 6 |  7- 9 | 10-12 || total
---------------------------+-------+-------+-------+-------++-------
  Melee: Dagger            |    15 |     1 |     1 |       ||    17
         Staff             |       |       |       |     4 ||     4
  Throw: Throwing net      |       |       |       |     5 ||     5
   Cast: Sandblast         |    44 |    72 |   185 |    49 ||   350
         Stone Arrow       |       |       |     8 |    29 ||    37
    Use: Potion            |       |       |     1 |     5 ||     6
         Scroll            |       |       |     1 |     1 ||     2
   Stab: Sleeping          |       |       |     1 |       ||     1
 Armour: Robe              |    20 |    26 |   117 |       ||   163
         Steam dragon scal |       |       |       |    59 ||    59
  Dodge: Dodged            |    17 |    28 |    97 |    50 ||   192

Table legend: (Time is in decaauts)
 A = Elapsed time spent in this place.
 B = Non-inter-level travel time spent in this place.
 C = Inter-level travel time spent in this place.
 D = Time resting spent in this place.
 E = Time spent auto-exploring this place.
 F = Levels seen in this place.
 G = Mean time per level.
                   A        B        C        D        E       F      G
               +--------+--------+--------+--------+--------+-----+--------+
         Total |  10577 |  10039 |    538 |   1544 |   7254 |  11 |  961.5 |
       Dungeon |  10554 |  10033 |    521 |   1544 |   7254 |  10 | 1055.4 |
        Temple |     22 |      5 |     17 |      0 |      0 |   1 |   22.0 |
               +--------+--------+--------+--------+--------+-----+--------+

Top non-repeatable levels by time:
     D:7: 1289 daAuts
     D:9: 1173 daAuts
     D:4: 1147 daAuts
     D:1: 1095 daAuts
     D:5: 1090 daAuts
     D:6: 1087 daAuts
    D:10: 1051 daAuts
     D:3: 922 daAuts
     D:2: 874 daAuts
     D:8: 823 daAuts
  Temple: 22 daAuts
